Unix NetHack Version 5.0.0-0 post-release - last build Jun 10 2026 00:39:30 (3ee93aec679c4c4259841fe613dc97188e26a321,branch:main).

Game began 2026-07-08 01:10:45, ended 2026-07-09 01:33:56.

DaveT, lawful male human Priest

                                                  --------
                                         f@'######.......|
                                         #########|.<....|
                                 ------------     |......|
                                 |C.........C.    ....*..|
                                 |..              --------
                                 |

DaveT the Adept              St:12 Dx:12 Co:17 In:10 Wi:16 Ch:11  Lawful
Dlvl:6  $:2327 HP:0(43) Pw:82(82) AC:3  Xp:6 T:4491  Burdened

Latest messages:
 You have a little trouble lifting t - a dwarvish mattock.
 Your movements are slowed slightly because of your load.
 What do you want to drop? [$a-ce-gi-nqs-wA-CEFH-J or ?*] t
 You drop a dwarvish mattock.
 Your movements are now unencumbered.
 "Hello, DaveT!  Welcome again to Kilmihil's second-hand bookstore!"
 You drop a spellbook of stone to flesh.
 Kilmihil offers 150 gold pieces for your spellbook of stone to flesh.  Sell it? [ynaq] (n) y
 You sold a spellbook of stone to flesh for 150 gold pieces.
 You do not owe Kilmihil anything.
 What do you want to drop? [$a-ce-gi-nqsu-wACEFH-J or ?*] q
 You drop a cursed ring of hunger.
 Kilmihil seems uninterested.
 You see here a dwarvish mattock.
 You have a little trouble lifting a dwarvish mattock.  Continue? [ynq] (q) y
 You have a little trouble lifting t - a dwarvish mattock.
 Your movements are slowed slightly because of your load.
 You miss the fog cloud.
 You miss the fog cloud.
 The fog cloud engulfs you!
 You are laden with moisture and can barely breathe!
 You are enveloped in a cloud of steam!
 You hit the fog cloud.
 You destroy the fog cloud!
 The gas cloud around you dissipates.
 What do you want to drop? [$a-ce-gi-ns-wACEFH-J or ?*] n
 You drop 31 +0 darts.
 You hear the chime of a cash register.
 You fall down the stairs.
 You feel more confident in your weapon skills.
 You hit the jaguar!
 The jaguar hits!
 The jaguar misses!
 The jaguar bites!
 The straw golem misses!
 The straw golem misses!
 The jaguar hits!
 The jaguar hits again!
 The jaguar bites!
 The jaguar hits!
 The jaguar just misses!
 The jaguar bites!
 The straw golem hits!
 The straw golem hits again!
 The jaguar hits!
 The jaguar hits again!
 The jaguar bites!
 You die...
 Do you want your possessions identified? [ynq] (y) y
 Do you want to see your attributes? [ynq] (y) q

Inventory:
 Coins    ('$')
  $ - 2327 gold pieces
 Weapons  (')')
  v - 4 blessed +0 darts
  i - 10 rustproof +0 darts
  s - a +0 dagger
  j - a +0 aklys
  t - a +0 dwarvish mattock
  a - a blessed +6 mace (weapon in right hand)
 Armor    ('[')
  w - a +0 orcish helm (being worn)
  F - a +0 pair of jumping boots (being worn)
  c - a burnt +0 small shield
  I - a +0 mummy wrapping
  b - a burnt +0 robe (being worn)
  A - a +0 T-shirt with text "Don't blame me, I voted for Izchak!" (being worn)
  m - a +0 scale mail (being worn)
 Comestibles  ('%')
  e - a clove of garlic
  g - 2 food rations
  f - a sprig of wolfsbane
 Scrolls  ('?')
  J - 3 blessed scrolls of identify
 Potions  ('!')
  C - 5 potions of healing
  k - 2 cursed potions of healing
 Wands    ('/')
  H - a blessed wand of digging (0:6)
  E - a wand of speed monster (0:3)
 Tools    ('(')
  u - a stethoscope
  l - a partly used wax candle

DaveT the Priest's attributes:

Background:
 You were an Adept, a level 6 human Priest.
 You were lawful, on a mission for Issek
 who was opposed by Mog (neutral) and Kos (chaotic).
 You were right-handed.
 You were in the Dungeons of Doom, on level 6.
 You entered the dungeon 4491 turns ago.
 It was nighttime.
 You had 639 experience points, 1 more was needed to attain level 7.

Basics:
 You had 0 out of 43 hit points.
 You had all 82 energy points (spell power).
 Your armor class was 3.
 Your wallet contained 2327 zorkmids.
 Autopickup was off.

Final Characteristics:
 Your strength was 12 (limit:18/100).
 Your dexterity was 12 (limit:18).
 Your constitution was 17 (limit:18).
 Your intelligence was 10 (limit:18).
 Your wisdom was 16 (limit:18).
 Your charisma was 11 (limit:18).

Final Status:
 You weren't hungry.
 You were burdened; movement was slightly slowed.
 You were wielding a mace.
 You were skilled in mace and could have enhanced that.

Final Attributes:
 You were piously aligned.
 You were cold resistant.
 You were telepathic.
 You could jump.
 You were guarded.
 Your spell casting was impaired by metallic armor, mitigated by your robe.
 You were fast.
 You are dead.

Miscellaneous:
 You didn't encounter any bones levels.
 Total elapsed playing time was 28 minutes and 8 seconds.

Major events:
 Turn
    1: DaveT the lawful human Priest entered the dungeon
  604: found Demonbane in a shop
  878: entered the Gnomish Mines
 1003: attained the rank of Acolyte (level 3)
 2860: attained the rank of Adept (level 6)
 4491: killed by a jaguar

Spells:
 Name                 Level Category     Fail Retention
 protection             1   clerical      55%   71%-80%
 cure blindness         2   healing       87%  76%-100%
 light                  1   clerical      55%   81%-90%

Skills:
 Fighting Skills
   bare handed combat [Unskilled]
 Weapon Skills
   club               [Unskilled]
   mace               [Skilled]
   morning star       [Unskilled]
   flail              [Unskilled]
   hammer             [Unskilled]
   quarterstaff       [Unskilled]
   polearms           [Unskilled]
   spear              [Unskilled]
   trident            [Unskilled]
   lance              [Unskilled]
   bow                [Unskilled]
   sling              [Unskilled]
   crossbow           [Unskilled]
   dart               [Unskilled]
   shuriken           [Unskilled]
   boomerang          [Unskilled]
   unicorn horn       [Unskilled]
 Spellcasting Skills
   healing spells     [Unskilled]
   divination spells  [Unskilled]
   clerical spells    [Basic]

Voluntary challenges:
 Character rerolling was not enabled.
 You never genocided any monsters.
 You never polymorphed an object.
 You never changed form.
 You used no wishes.
Achievements:
 You entered a shop.
 You entered the Gnomish Mines.
 You attained the rank of Acolyte.
 You attained the rank of Adept.

 The Dungeons of Doom: levels 1 to 6
    Level 1: "empty vault"
       A fountain.
    Level 2:
       A general store, a fountain.
    Level 3:
       A fountain.
       Stairs down to The Gnomish Mines.
    Level 4: "leprechaun thief"
       A vegetarian food shop.
    Level 5:
       A scroll shop.
    Level 6: <- You were here.
       Final resting place for
          you, killed by a jaguar.
 The Gnomish Mines:
    Level 4:


Vanquished creatures:
  2 small mimics
  a gnome mummy
  a pony
  a fog cloud
  3 gnome leaders
  a gray ooze
  2 elf zombies
  a ghoul
  a giant ant
  a floating eye
  a kitten
  2 dwarves
  a homunculus
 15 hill orcs
  a rothe
  a rabid rat
  a centipede
  a giant bat
  2 dwarf zombies
  2 iguanas
 an acid blob
  a coyote
  a large kobold
  a hobgoblin
  8 giant rats
  a cave spider
  7 gnomes
  7 geckos
 10 jackals
  4 kobolds
  a goblin
  a sewer rat
  4 grid bugs
  a bat
  3 lichens
  2 kobold zombies
  7 newts
101 creatures vanquished.

No species were genocided or became extinct.

Game over:
                       ----------
                      /          \
                     /    REST    \
                    /      IN      \
                   /     PEACE      \
                  /                  \
                  |      DaveT       |
                  |     2327 Au      |
                  |   killed by a    |
                  |      jaguar      |
                  |                  |
                  |                  |
                  |       2026       |
                 *|     *  *  *      | *
        _________)/\\_//(\/(/\)/\//\/|_)_______

Goodbye DaveT the Priest...

You died in The Dungeons of Doom on dungeon level 6 with 4991 points,
and 2327 pieces of gold, after 4491 moves.
You were level 6 with a maximum of 43 hit points when you died.

